 Dungeon Crawl Stone Soup version 0.27-a0-650-g8dd3ea4f36 (webtiles) character file.

Game seed: 4523325196618299292

212 jasper the Caller (level 5, -5/45 HPs)
             Began as a Hill Orc Summoner on Mar 15, 2021.
             Slain by an iguana (7 damage)
             ... on level 4 of the Dungeon.
             The game lasted 00:04:28 (4110 turns).

jasper the Caller (Hill Orc Summoner)               Turns: 4110, Time: 00:04:28

Health: -5/45      AC:  6    Str: 11    XL:     5   Next: 90%
Magic:  4/7        EV: 10    Int: 16    God:
Gold:   183        SH:  0    Dex: 11    Spells: 4/7 levels left

rFire    . . .     SeeInvis .   l - +2 war axe (vamp)
rCold    . . .     Faith    .   (no shield)
rNeg     . . .     Spirit   .   h - +0 ring mail
rPois    .         Reflect  .   (no helmet)
rElec    .         Harm     .   (no cloak)
rCorr    .         Rampage  .   i - +0 pair of gloves
Will     .....                  (no boots)
Stlth    +.........             (no amulet)
HPRegen  0.15/turn              (no ring)
MPRegen  0.10/turn              (no ring)

@: lethally poisoned (-5 -> -7)
A: no striking features
a: no special abilities


You were on level 4 of the Dungeon.
You visited 1 branch of the dungeon, and saw 4 of its levels.

You collected 183 gold pieces.

Inventory:

Hand Weapons
 b - a +0 spear
 l - a +2 vampiric war axe (weapon)
 p - a +0 flail
Missiles
 d - 14 poisoned darts
Armour
 a - a +0 robe
 h - a +0 ring mail (worn)
 i - a +0 pair of gloves (worn)
 m - a +0 leather armour
 q - a +0 tower shield
Scrolls
 e - 3 scrolls of teleportation {unknown}
 f - 5 scrolls of enchant weapon {unknown}
 g - a scroll of enchant armour {unknown}
 j - a scroll of immolation {unknown}
 k - 4 scrolls of identify {unknown}
 n - a scroll of blinking {unknown}
 r - a scroll of magic mapping {unknown}
Potions
 c - 6 potions of curing {unknown}
 o - 2 potions of heal wounds {unknown}


   Skills:
 - Level 3.5 Fighting
 * Level 3.4 Axes
 + Level 1.9 Armour
 - Level 1.5 Dodging
 - Level 1.5 Stealth
 - Level 1.5 Spellcasting
 + Level 5.0 Summonings


You had 4 spell levels left.
You knew the following spells:

 Your Spells              Type           Power      Damage    Failure   Level
a - Summon Small Mammal   Summ           68%        N/A       7%          1
b - Call Imp              Summ           17%        N/A       10%         2

Your spell library contained the following spells:

 Spells                   Type           Power      Damage    Failure   Level
 Call Canine Familiar     Summ           17%        N/A       21%         3
 Summon Guardian Golem    Hex/Summ       9%         N/A       50%         3
 Summon Ice Beast         Ice/Summ       9%         N/A       88%         4
 Summon Lightning Spire   Summ/Air       9%         N/A       88%         4


Dungeon Overview and Level Annotations

Branches:
Dungeon (4/15)
 Temple: D:4-7

Altars:


Message History

You take 8 damage, and have 33/45 hp.
You slash the worker ant!
You feel better.
You kill the worker ant!
You hit the iguana but do no damage.
You feel sick. The iguana bites you.
Your crimson imp blinks!
Your Summonings skill increases to level 5!
You take 5 damage, and have 28/45 hp.
You are too injured to fight recklessly!
You are too injured to fight recklessly!
You hit the iguana but do no damage.
You feel sick.
The iguana bites you but does no damage. x2
You take 1 damage, and have 27/45 hp.
You hit the iguana.
The iguana is heavily wounded.
The iguana barely misses you.
You closely miss the iguana.
The iguana is heavily wounded.
You feel sick.
Your crimson imp closely misses the iguana.
The iguana bites you!
Your crimson imp barely misses the iguana.
Your crimson imp completely misses the iguana.
You take 8 damage, and have 20/45 hp.
You closely miss the iguana.
The iguana is heavily wounded.
The iguana bites you!
* * * LOW HITPOINT WARNING * * *
Your crimson imp barely misses the iguana.
Your crimson imp hits the iguana but does no damage.
The iguana bites you!
* * * LOW HITPOINT WARNING * * *
You take 17 damage, and have 3/45 hp.
MASSIVE DAMAGE!!
You hit the iguana but do no damage.
The iguana is heavily wounded.
* * * LOW HITPOINT WARNING * * *
You feel sick.
Your crimson imp completely misses the iguana.
Your crimson imp hits the iguana but does no damage.
The iguana bites you!
You die...

#.###
#...#########
##<....#.....##
##.............##
#...............#
#...............#
#...............#
#...............#
#........@l.....#
#........55.....#
##.............##
##.....#.....##
#############


You could see an iguana (ally target) and 2 friendly crimson imps.

Vanquished Creatures
  A worker ant (D:4)
  An orc wizard (D:3)
  2 adders
  2 worms (D:3)
  2 dart slugs
  A leopard gecko (D:3)
  2 orcs (D:3)
  2 ball pythons
  3 giant cockroaches
  4 goblins
  5 hobgoblins
  3 jackals
  7 bats
  2 frilled lizards
  4 kobolds
  5 rats
46 creatures vanquished.

Vanquished Creatures (collateral kills)
  A water moccasin (D:3)
  An orc priest (D:3)
  2 adders (D:2)
  3 orcs (D:3)
  A giant cockroach (D:1)
  2 goblins (D:1)
  4 hobgoblins
  4 jackals
  2 kobolds
  A ball python (D:3)
  A bat (D:1)
  2 frilled lizards
  A rat (D:1)
25 creatures vanquished.

Grand Total: 71 creatures vanquished

Notes
Turn   | Place    | Note
-------+----------+-------------------------------------------
     0 | D:1      | jasper the Hill Orc Summoner began the quest for the Orb.
     0 | D:1      | Reached XP level 1. HP: 14/14 MP: 3/3
   179 | D:1      | Reached skill level 1 in Fighting
   473 | D:1      | Reached XP level 2. HP: 23/23 MP: 4/4
   481 | D:1      | Learned a level 2 spell: Call Imp
  1127 | D:1      | Reached XP level 3. HP: 30/30 MP: 2/5
  3079 | D:3      | Reached XP level 4. HP: 38/38 MP: 3/6
  3495 | D:3      | Reached skill level 1 in Axes
  3498 | D:3      | Reached skill level 1 in Armour
  3498 | D:3      | Reached XP level 5. HP: 19/45 MP: 1/7
  3821 | D:3      | Noticed a water moccasin
  3841 | D:3      | Killed a water moccasin
  4106 | D:4      | Reached skill level 5 in Summonings
  4110 | D:4      | HP: 2/45 [poisoned by a worker ant]
  4110 | D:4      | Slain by an iguana

Illustrated notes

Levels and vault maps discovered:
D:1:      eino_arrival_cavern_a, layout_basic
D:2:      layout_basic
D:3:      layout_basic, serial_park_tiny_1
D:4:      layout_rooms, kennysheep_opposing_triangles

Skill      XL: |  1  2  3  4  5 |
---------------+----------------+-----
Fighting       | 1 2 3 |  3.5
Axes           | 2 3 |  3.4
Armour         | 1 |  1.9
Summonings     | 5 |  5.0
Dodging        | |  1.5
Stealth        | |  1.5
Spellcasting   | |  1.5

Action                   |  1- 3 |  4- 6 || total
-------------------------+-------+-------++-------
Melee: Spear             |   134 |     5 ||   139
       War axe           |       |    49 ||    49
 Cast: Summon Small Mamm |     6 |       ||     6
       Call Imp          |    29 |    16 ||    45
 Stab: Sleeping          |     4 |       ||     4
       Distracted        |     1 |     1 ||     2
Armor: Robe              |    26 |     2 ||    28
       Ring mail         |       |    23 ||    23
Dodge: Dodged            |    67 |    33 ||   100

Table legend: (Time is in decaauts)
 A = Elapsed time spent in this place.
 B = Non-inter-level travel time spent in this place.
 C = Inter-level travel time spent in this place.
 D = Time resting spent in this place.
 E = Time spent auto-exploring this place.
 F = Levels seen in this place.
 G = Mean time per level.
                   A        B        C        D        E       F      G
               +--------+--------+--------+--------+--------+-----+--------+
         Total |   4142 |   3988 |    154 |    570 |   2840 |   4 | 1035.5 |
       Dungeon |   4142 |   3988 |    154 |    570 |   2840 |   4 | 1035.5 |
               +--------+--------+--------+--------+--------+-----+--------+

Top non-repeatable levels by time:
     D:1: 1672 daAuts
     D:2: 1331 daAuts
     D:3: 1055 daAuts
     D:4: 84 daAuts
